 Dungeon Crawl Stone Soup version 0.18.1-6-gd335043 (webtiles) character file.

16 Gorice the Slasher (level 2, 0/22 HPs)
             Began as a Human Skald on May 17, 2016.
             Slain by a jackal (3 damage)
             ... on level 1 of the Dungeon.
             The game lasted 00:00:49 (256 turns).

Gorice the Slasher (Human Skald)                     Turns: 256, Time: 00:00:50

Health: 0/22       AC:  3    Str: 12    XL:     2   Next: 75%
Magic:  2/5        EV: 11    Int: 12    God:
Gold:   3          SH:  0    Dex: 12    Spells: 1 memorised, 4 levels left

rFire  . . .     SeeInvis .     a - +0 falchion
rCold  . . .     Gourm    .     b - +0 leather armour
rNeg   . . .     Faith    .     (no shield)
rPois  .         Spirit   .     (no helmet)
rElec  .         Dismiss  .     (no cloak)
rCorr  .         Reflect  .     (no gloves)
SustAt .         Harm     .     (no boots)
MR     .....                    (no amulet)
Stlth  +.........               (no ring)
                                (no ring)

@: not resistant to hostile enchantments, very unstealthy
A: no striking features
a: no special abilities


You were on level 1 of the Dungeon.
You were not hungry.

You visited 1 branch of the dungeon, and saw 1 of its levels.

You collected 3 gold pieces.

Inventory:

Hand Weapons
 a - a +0 falchion (weapon)
Armour
 b - a +0 leather armour (worn)
Books
 c - a book of Battle
Comestibles
 d - a bread ration {!e}


   Skills:
 - Level 2.0 Fighting
 * Level 3.1 Long Blades
 - Level 1.0 Armour
 - Level 1.0 Dodging
 - Level 2.0 Spellcasting
 - Level 3.0 Charms


You had 4 spell levels left.
You knew the following spells:

 Your Spells              Type           Power        Failure   Level  Hunger
a - Infusion              Chrm           #...         12%         1    ##.....


Dungeon Overview and Level Annotations

Branches:
Dungeon (1/15)

Altars:


Message History

Unknown command.
Unknown command.
Unknown command.
You closely miss the jackal. The jackal closely misses you.
The jackal bites you but does no damage.
Unknown command.
You hit the jackal.
The jackal is moderately wounded.
The jackal closely misses you.
Unknown command.
You completely miss the jackal.
The jackal is moderately wounded.
The jackal bites you but does no damage.
The jackal bites you.
* * * LOW HITPOINT WARNING * * *
Damage: 3 (max 3) Unknown command.
You hit the jackal.
The jackal is heavily wounded.
The jackal closely misses you. The jackal bites you.
* * * LOW HITPOINT WARNING * * *
Damage: 1 (max 3) Unknown command.
You hit the jackal but do no damage.
The jackal is heavily wounded.
The jackal barely misses you.
Unknown command.
You hit the jackal.
The jackal is severely wounded.
The jackal barely misses you. x2
You completely miss the jackal.
The jackal is severely wounded.
The jackal bites you.
* * * LOW HITPOINT WARNING * * *
The jackal bites you but does no damage.
Damage: 3 (max 3)
You hit the jackal.
You kill the jackal!
The jackal bites you.
* * * LOW HITPOINT WARNING * * *
Damage: 2 (max 3)
You closely miss the jackal. The jackal barely misses you.
You hit the jackal but do no damage. The jackal barely misses you. x2
You hit the jackal but do no damage. The jackal bites you.
* * * LOW HITPOINT WARNING * * *
Damage: 2 (max 3)
You hit the jackal.
The jackal is heavily wounded.
The jackal barely misses you. The jackal bites you.
You die...

...h........#.......# ...
#...........#.......##...
###.........#............
#....g................
#....###............#
...?.. +............#
###.... #†...........##
...... #h###.........#
...#. #@# ##≈≈≈≈≈##.# #.#
#♣≈≈≈♣# ..# ###♣≈≈# ....
#.##≈## ..... #<.'≈+
.......#.##≈#
#.......###♣≈♣ ........#
≈≈≈ ≈≈≈≈


You could see a jackal.

Vanquished Creatures
  A dart slug (D:1)
  A giant gecko (D:1)
  A hobgoblin (D:1)
  7 jackals (D:1)
  A rat (D:1)
11 creatures vanquished.

Notes
Turn   | Place    | Note
--------------------------------------------------------------
     0 | D:1      | Gorice the Human Skald began the quest for the Orb.
     0 | D:1      | Reached XP level 1. HP: 16/16 MP: 3/3
   228 | D:1      | Reached XP level 2. HP: 16/22 MP: 0/5
   239 | D:1      | Reached skill level 3 in Long Blades
   252 | D:1      | HP: 5/22 [jackal (3)]
   256 | D:1      | Slain by a jackal

Skill      XL: |  1  2 |
---------------+-------+-----
Long Blades    | 3 |  3.1
Fighting       | |  2.0
Armour         | |  1.0
Dodging        | |  1.0
Spellcasting   | |  2.0
Charms         | |  3.0

Action                   || total
-------------------------++-------
Melee: Falchion          ||    43
 Cast: Infusion          ||     1
Armor: Leather armour    ||    18
Dodge: Dodged            ||    33

Table legend:
 A = Turns spent in this place as a percentage of turns spent in the entire game.
 B = Non-inter-level travel turns spent in this place as a percentage of non-inter-level travel turns spent in the entire game.
 C = Inter-level travel turns spent in this place as a percentage of turns spent in this place.
 D = Turns resting spent in this place as a percentage of non-inter-level travel turns spent in this place.
 E = Turns spent auto-exploring this place as a percentage of non-inter-level travel turns spent in this place.
 F = Non-inter-level travel turns spent in this place divided by the number of levels of this place that you've seen.
                   A       B       C       D       E      F
               +-------+-------+-------+-------+-------+----------------------
         Total | 100.0 | 100.0 |   0.0 |   1.5 |   1.5 | 136.0
       Dungeon | 100.0 | 100.0 |   0.0 |   1.5 |   1.5 | 136.0
               +-------+-------+-------+-------+-------+----------------------

Vault maps used:
D:1:      sevenhm_arrival_forest_fort_small_4
